 Dungeon Crawl Stone Soup version 0.32-a0-799-g95e1662365 (webtiles) character file.

Game seed: 17768791003666208000

2690 ezpacito the Chopper (level 9, 0/69 HPs)
             Began as a Coglin Chaos Knight on Mar 21, 2024.
             Was a Plaything of Xom.
             Slain by a killer bee (5 damage)
             ... on level 6 of the Dungeon.
             The game lasted 00:06:40 (6465 turns).

ezpacito the Chopper (Coglin Chaos Knight)          Turns: 6465, Time: 00:06:41

Health: 0/69       AC: 17    Str: 20 (21) XL:     9   Next: 64%
Magic:  13/13      EV:  8    Int: 11      God:    Xom [..*...]
Gold:   290        SH:  0    Dex: 10      Spells: 13/13 levels left

rFire   . . .        a - +0 hand axe (chaos) {Fernando}
rCold   + . .        f - +0 spear {Tamao}
rNeg    . . .        l - +0 chain mail
rPois   .            e - +2 helmet {SInv}
rElec   .            p - +0 cloak
rCorr   .            (no gloves)
SInv    +            u - +0 pair of boots
Will    .....        (amulet unavailable) Stlth
                     (ring unavailable)
HPRegen 0.31/turn    (ring unavailable)
MPRegen 0.13/turn    (no gizmo)

%: clarity
@: confused, lethally poisoned (0 -> -8), ambrosia-drunk, revving
A: off-hand wielding, slow wielding, warmup strikes, no jewellery, iridescent
scales 1, thin skeletal structure 1, clarity, clumsy 2, cold resistance 1, sense
surroundings 1, strong 1, evolution 1, subdued magic 1
a: Invent Gizmo, Renounce Religion


You were on level 6 of the Dungeon.
You worshipped Xom.
You were a toy of Xom.
You visited 2 branches of the dungeon, and saw 8 of its levels.

You collected 290 gold pieces.

Inventory:

Hand Weapons
 a - a +0 hand axe of chaos (weapon) {Fernando}
 f - a +0 spear (offhand) {Tamao}
 s - a +0 war axe
Missiles
 g - 12 poisoned darts (quivered)
 n - 6 boomerangs
 o - 2 throwing nets
 v - 2 javelins
Armour
 e - a +2 helmet of see invisible (worn)
 i - a +1 helmet of intelligence
 l - a +0 chain mail (worn)
 p - a +0 cloak (worn)
 u - a +0 pair of boots (worn)
Talismans
 c - the serpent talisman "Luac Zum" {rElec rC+ Will+++ Slay-3}
   (You found it on level 3 of the Dungeon)

   [serpent talisman]

   Slay-3:    It affects your accuracy & damage with ranged weapons and melee
   (-3).
   rC+:       It protects you from cold.
   rElec:     It insulates you from electricity.
   Will+++:   It greatly increases your willpower.
 j - a talisman of death
Wands
 y - a wand of flame (4)
Scrolls
 b - 2 scrolls of amnesia
 h - a scroll of brand weapon
 k - a scroll of torment
 t - 3 scrolls of teleportation
Potions
 d - a potion of haste {unknown}
 m - 2 potions of lignification
 x - a potion of might {unknown}


   Skills:
 * Level 5.9 Fighting
 * Level 6.0(6.4) Axes
 + Level 3.1(4.7) Polearms
 * Level 5.0 Armour
 * Level 4.7 Dodging
 + Level 3.1 Stealth
 + Level 2.8 Spellcasting
 + Level 2.2 Evocations
 + Level 2.6 Shapeshifting


You had 13 spell levels left.
You didn't know any spells.
Your spell library contained the following spells:

 Spells                   Type           Power      Damage    Failure   Level
 Magic Dart               Conj           4%         1d3       86%         1
 Blink                    Tloc           2%         N/A       95%         2
 Call Imp                 Summ           2%         N/A       95%         2
 Cigotuvi's Dreadful Rot  Necr/Alch/Air  2%         N/A       95%         2
 Ensorcelled Hibernation  Hex/Ice        2%         N/A       95%         2
 Static Discharge         Conj/Air       2%         3-4/arc   95%         2
 Dazzling Flash           Conj/Hex       2%         N/A       99%         3
 Fugue of the Fallen      Necr           1%         N/A       99%         3
 Airstrike                Air            0%         2d(1-17)  100%        4
 Anguish                  Hex/Necr       0%         N/A       100%        4
 Dispel Undead            Necr           1%         3d6       100%        4
 Martyr's Knell           Necr/Summ      1%         N/A       100%        4
 Summon Lightning Spire   Summ/Air       1%         N/A       100%        4
 Starburst                Conj/Fire      0%         6d3       100%        6
 Maxwell's Capacitive Co  Air            0%         ∞         100%        8


Dungeon Overview and Level Annotations

Branches:
Dungeon (7/15)             Temple (1/1) D:6

Altars:
Ashenzari
Cheibriados
Dithmenos
Gozag
Hepliaklqana
Kikubaaqudgha
Nemelex Xobeh
Okawaru
Ru
Sif Muna
Uskayaw
Vehumet
Wu Jian
Xom
Yredelemnul
Zin
The Shining One

Annotations:
D:4 3 runed translucent doors, Jigsaw's ghost, weakling GnDe; JoadsterXIII's ghost, amateur OnFi; Rallik's ghost, amateur OpSh; zenocrate's ghost, amateur OpEE


Innate Abilities, Weirdness & Mutations

You can wield a second weapon in your off-hand.
It takes a long time for you to wield or remove held weapons.
Your first few attacks do less damage.
You cannot equip rings or amulets.
You are partially covered in iridescent scales. (AC +2)
You have a somewhat thin skeletal structure. (Dex +2, Stealth+)
You possess an exceptional clarity of mind.
You are very clumsy. (Dex -4)
Your flesh is cold resistant. (rC+)
You passively map a small area around you.
Your muscles are strong. (Str +4, Int/Dex -1)
You have hidden genetic potential.
Your spells are a little easier to cast, but a little less powerful.


Message History

The killer bee stings you.
* * * LOW HITPOINT WARNING * * *
You are lethally poisoned!
The killer bee poisons you!
The killer bee stings you but does no damage.
You barely miss the killer bee with your +0 spear.
The killer bee is lightly wounded.
You slash the killer bee with your +0 hand axe of chaos!
The killer bee looks weaker.
* * * LOW HITPOINT WARNING * * *
You feel very sick. The killer bee stings you.
* * * LOW HITPOINT WARNING * * *
The killer bee stings you but does no damage. x2
You take 2 damage, and have 4/69 hp.
* * * LOW HITPOINT WARNING * * *
You feel sick.
The killer bee stings you but does no damage.
The killer bee completely misses you.
You regained 2 hp, and now have 6/69 hp.
* * * LOW HITPOINT WARNING * * *
You feel sick.
The killer bee buzzes angrily.
The killer bee attacks as it pursues you!
The killer bee barely misses you. The killer bee stings you.
* * * LOW HITPOINT WARNING * * *
You are lethally poisoned!
The killer bee poisons you! The killer bee closely misses you.
* * * LOW HITPOINT WARNING * * *
You feel very sick. The killer bee barely misses you.
The killer bee stings you but does no damage.
The killer bee barely misses you.
You're too confused to move!
* * * LOW HITPOINT WARNING * * *
You feel sick. The killer bee stings you.
* * * LOW HITPOINT WARNING * * *
The killer bee barely misses you. The killer bee stings you.
You die... "Huh?
Did I miss anything?"

######### ##### #.......#
....# #.......### ....#
#.......#.# ....#
####'####.########## ....#
#.# #.#.##.....#
....######.####.#.####.###
....'.........>.@......#
....####........y.####.#
....# #.#.###..#......#
....# #.#.# #..#.####.#
########.#.# #..#.# #.#
.#.....#.#.###..#.## #.#
.#.....#.#.........# #.#
.#.....#.#####..#..# #.#
.#.....#...# #..#..# #.#


You could see a neutral killer bee (fast, strong, frenzied, weak).

Vanquished Creatures
  Grinder (D:4)
  Eustachio (D:5)
  A steam dragon (D:7)
  Menkaure (D:6)
  A water moccasin (D:6)
  An orc warrior (D:6)
  A water moccasin (shapeshifter) (D:2)
  2 black bears
  2 centaurs (D:6)
  2 phantoms
  3 bullfrogs
  2 scorpions (D:6)
  2 killer bees (D:7)
  5 hounds
  4 bombardier beetles
  A jelly (D:4)
  4 orc priests
  An iguana (D:5)
  A sleepcap (D:6)
  4 orc wizards
  Robin (D:3)
  6 adders
  4 gnolls (D:3)
  2 river rats (D:5)
  2 shadow imps
  A white imp (D:6)
  A ribbon worm (D:3)
  2 dart slugs
  15 orcs
  7 endoplasms
  4 giant cockroaches
  11 goblins
  6 hobgoblins
  11 jackals
  6 quokkas
  6 ball pythons
  3 bats
  2 frilled lizards
  7 kobolds
  5 rats
142 creatures vanquished.

Vanquished Creatures (collateral kills)
  A rime drake (D:3)
1 creature vanquished.

Grand Total: 143 creatures vanquished

Notes
Turn   | Place    | Note
-------+----------+-------------------------------------------
     0 | D:1      | ezpacito the Coglin Chaos Knight began the quest for the
                  | Orb.
     0 | D:1      | Reached XP level 1. HP: 18/18 MP: 1/1
    41 | D:1      | Reached skill level 1 in Dodging
    49 | D:1      | Reached XP level 2. HP: 17/24 MP: 2/2
    69 | D:1      | XOM: divination: magic mapping
   360 | D:1      | Reached XP level 3. HP: 27/29 MP: 3/3
  1287 | D:2      | Noticed Sigmund
  1288 | D:2      | XOM: scenery: summon butterflies
  1291 | D:2      | Sigmund changed into Sigmund the glowing shapeshifter
  1291 | D:2      | Noticed Sigmund (glowing shapeshifter)
  1291 | D:2      | XOM: polymorph Sigmund -> Sigmund the glowing shapeshifter
  1291 | D:2      | Sigmund the glowing shapeshifter changed into Sigmund the
                  | hound
  1301 | D:2      | Sigmund the adder changed into Sigmund the killer bee
  1301 | D:2      | Noticed Sigmund (glowing shapeshifter)
  1303 | D:2      | Sigmund the killer bee changed into Sigmund the water
                  | moccasin
  1303 | D:2      | Noticed Sigmund (glowing shapeshifter)
  1307 | D:2      | Killed Sigmund the water moccasin
  1308 | D:2      | Reached skill level 1 in Polearms
  1308 | D:2      | Reached skill level 1 in Stealth
  1308 | D:2      | Reached XP level 4. HP: 17/35 MP: 3/5
  1308 | D:2      | Reached XP level 5. HP: 20/41 MP: 3/6
  1319 | D:2      | XOM: 4-stop teleportation journey
  1534 | D:3      | Noticed Robin
  1549 | D:3      | Killed Robin
  1569 | D:3      | Reached skill level 1 in Spellcasting
  1593 | D:3      | XOM: give mutations
  1593 | D:3      | Gained mutation: You have a pair of small antennae on your
                  | head. [Xom's mischief]
  1593 | D:3      | Gained mutation: You are clumsy. (Dex -2) [Xom's mischief]
  1593 | D:3      | Gained mutation: You are partially covered in iridescent
                  | scales. (AC +2) [Xom's mischief]
  1701 | D:3      | Reached XP level 6. HP: 37/48 MP: 7/7
  2177 | D:3      | an orc changed into a rime drake
  2177 | D:3      | Noticed a rime drake
  2177 | D:3      | XOM: polymorph orc -> rime drake
  2192 | D:3      | XOM: cast spell 'Monstrous Menagerie'
  2195 | D:3      | Killed a rime drake
  2196 | D:3      | Reached skill level 4 in Axes
  2196 | D:3      | Reached skill level 1 in Shapeshifting
  2196 | D:3      | Reached XP level 7. HP: 29/54 MP: 7/9
  2509 | D:3      | XOM: noise
  2718 | D:3      | Identified the serpent talisman "Luac Zum" {rElec rC+
                  | Will+++ Slay-3}
  2923 | D:4      | Found a runed translucent gate.
  2924 | D:4      | Found a runed translucent gate.
  2924 | D:4      | Found a runed translucent gate.
  2924 | D:4      | Noticed Rallik's ghost (amateur OpSh)
  2924 | D:4      | Noticed zenocrate's ghost (amateur OpEE)
  2926 | D:4      | Noticed JoadsterXIII's ghost (amateur OnFi)
  2926 | D:4      | Noticed Jigsaw's ghost (weakling GnDe)
  2939 | D:4      | Found an opulent altar of Gozag.
  3220 | D:4      | Found a shadowy altar of Dithmenos.
  3279 | D:4      | Noticed Grinder
  3282 | D:4      | Paralysed by Grinder for 4 turns
  3284 | D:4      | XOM: butterfly on damage
  3292 | D:4      | Killed Grinder
  3293 | D:4      | Reached XP level 8. HP: 39/61 MP: 10/10
  3441 | D:4      | Found a glowing silver altar of Zin.
  3574 | D:4      | XOM: god gift: book of Dreams
  3726 | D:4      | XOM: give mutations
  3726 | D:4      | Gained mutation: You have a somewhat thin skeletal
                  | structure. (Dex +2, Stealth+) [Xom's mischief]
  3726 | D:4      | Gained mutation: You are mostly covered in iridescent
                  | scales. (AC +4) [Xom's mischief]
  3726 | D:4      | Gained mutation: You are very clumsy. (Dex -4) [Xom's
                  | mischief]
  3726 | D:4      | Lost mutation: You have a pair of small antennae on your
                  | head. [Xom's mischief]
  3755 | D:5      | Entered Level 5 of the Dungeon
  3766 | D:5      | XOM: give mutations
  3766 | D:5      | Gained mutation: You possess an exceptional clarity of
                  | mind. [Xom's mischief]
  3766 | D:5      | Lost mutation: You are mostly covered in iridescent scales.
                  | (AC +4) [Xom's mischief]
  3766 | D:5      | Gained mutation: You passively map a small area around you.
                  | [Xom's mischief]
  3766 | D:5      | Gained mutation: Your spells are a little easier to cast,
                  | but a little less powerful. [Xom's mischief]
  3776 | D:5      | XOM: 2-stop teleportation journey
  4265 | D:5      | Reached skill level 5 in Axes
  4542 | D:5      | XOM: silly message
  4549 | D:5      | XOM: silly message
  4608 | D:5      | Noticed Eustachio
  4608 | D:5      | XOM: 6-stop teleportation journey
  4704 | D:5      | XOM: divine lightning
  4715 | D:5      | Killed Eustachio
  4716 | D:5      | Reached skill level 5 in Fighting
  4802 | D:5      | XOM: give mutations
  4802 | D:5      | Gained mutation: Your flesh is cold resistant. (rC+) [Xom's
                  | grace]
  4802 | D:5      | Gained mutation: You have hidden genetic potential. [Xom's
                  | grace]
  4990 | D:5      | XOM: cloud trail
  5218 | D:6      | Noticed Blork the orc
  5228 | D:6      | Blork the orc changed into Blork the dart slug
  5228 | D:6      | Noticed Blork
  5228 | D:6      | XOM: polymorph Blork the orc -> Blork the dart slug
  5229 | D:6      | Killed Blork the dart slug
  5390 | D:6      | Reached XP level 9. HP: 66/68 MP: 12/12
  5421 | D:6      | Noticed Menkaure
  5431 | D:6      | Reached skill level 1 in Evocations
  5442 | D:6      | Killed Menkaure
  5942 | D:6      | Gained mutation: Your muscles are strong. (Str +4, Int/Dex
                  | -1) [hidden potential]
  5963 | D:6      | XOM: potion effect (might)
  5971 | D:6      | Found a staircase to the Ecumenical Temple.
  6078 | D:6      | XOM: confuse monster(s)
  6390 | Temple   | Entered the Ecumenical Temple
  6433 | D:7      | Reached skill level 5 in Armour
  6448 | D:7      | XOM: confuse monster(s)
  6455 | D:7      | Reached skill level 6 in Axes
  6465 | D:6      | Slain by a killer bee

Illustrated notes

Levels and vault maps discovered:
D:1:      nicolae_arrival_washed_ashore, layout_basic, minmay_3d_cube
D:2:      layout_rooms, uniq_sigmund
D:3:      minmay_skewed_foursquare, layout_basic, uniq_robin
D:4:      layout_loops_ring, mainiacjoe_overflow_boulevard,
          lemuel_crystal_altar, zin_scriptorium, gammafunk_ghost_cemetery,
          uniq_grinder
D:5:      layout_basic, uniq_eustachio
D:6:      layout_basic, temple_fountains, uniq_blork_the_orc, uniq_menkaure
D:7:      layout_rooms, amcnicky_altar_lugonu_corruption, uniq_jeremiah
Temple:   nicolae_temple_two_arcs

Skill      XL: |  1  2  3  4  5  6  7  8  9 |
---------------+----------------------------+-----
Dodging        | 1 2 3 4 |  4.7
Armour         | 2 3 4 5 |  5.0
Polearms       | 1 2 3 |  3.1
Stealth        | 1 2 3 |  3.1
Spellcasting   | 1 2 |  2.8
Fighting       | 4 5 |  5.9
Axes           | 4 5 6 |  6.0
Shapeshifting  | 1 2 |  2.6
Evocations     | 2 |  2.2

Action                     |  1- 3 |  4- 6 |  7- 9 || total
---------------------------+-------+-------+-------++-------
  Melee: Hand axe          |    87 |    73 |   303 ||   463
         Dagger            |    81 |    66 |     6 ||   153
         Spear             |       |       |   328 ||   328
  Throw: Dart              |       |     2 |     7 ||     9
    Use: Potion            |     1 |     1 |     5 ||     7
         Scroll            |       |     6 |     4 ||    10
   Stab: Sleeping          |     1 |     1 |       ||     2
         Paralysed         |     3 |     2 |     8 ||    13
         Confused          |       |     1 |    22 ||    23
         Distracted        |       |     1 |     1 ||     2
         Held in net/web   |       |       |     1 ||     1
 Armour: Leather armour    |    40 |    58 |    17 ||   115
         Chain mail        |       |       |   266 ||   266
  Dodge: Dodged            |    46 |    54 |   153 ||   253

Table legend: (Time is in decaauts)
 A = Elapsed time spent in this place.
 B = Non-inter-level travel time spent in this place.
 C = Inter-level travel time spent in this place.
 D = Time resting spent in this place.
 E = Time spent auto-exploring this place.
 F = Levels seen in this place.
 G = Mean time per level.
                   A        B        C        D        E       F      G
               +--------+--------+--------+--------+--------+-----+--------+
         Total |   6467 |   5972 |    495 |    240 |   4679 |   8 |  808.4 |
       Dungeon |   6465 |   5971 |    494 |    240 |   4679 |   7 |  923.6 |
        Temple |      1 |      1 |      0 |      0 |      0 |   1 |    1.0 |
               +--------+--------+--------+--------+--------+-----+--------+

Top non-repeatable levels by time:
     D:3: 1413 daAuts
     D:6: 1335 daAuts
     D:5: 1280 daAuts
     D:1: 922 daAuts
     D:4: 874 daAuts
     D:2: 586 daAuts
     D:7: 52 daAuts
  Temple: 1 daAuts
